 Dungeon Crawl Stone Soup version 0.30.0-5-g1a98f26d00 (webtiles) character file.

Game seed: 9551811440599254082

2452 qeuew the Nimble (level 9, -5/67 HPs)
             Began as a Merfolk Gladiator on May 11, 2023.
             Was a Believer of Qazlal.
             Slain by a wight
             ... wielding a +5 war axe
              (12 damage)
             ... on level 7 of the Dungeon on May 12, 2023.
             The game lasted 00:07:45 (5498 turns).

qeuew the Nimble (Merfolk Gladiator)                Turns: 5498, Time: 00:07:45

Health: -5/67      AC:  5    Str: 18    XL:     9   Next: 50%
Magic:  3/3        EV: 16    Int:  8    God:    Qazlal [**....]
Gold:   308        SH:  0    Dex: 15    Spells: 8/8 levels left

rFire   + + .        g - +9 lajatang of Plague {antimagic, rF+}
rCold   . . .        (shield currently unavailable)
rNeg    . . .        b - +0 leather armour
rPois   .            c - +1 helmet
rElec   .            (no cloak)
rCorr   .            (no gloves)
SInv    .            (no boots)
Will    +....        (no amulet)
Stlth   +            n - ring of protection from fire
HPRegen 0.31/turn    k - ring of willpower
MPRegen 0.08/turn

%: no passive effects
@: confused, brilliant, ambrosia-drunk
A: (nimble swimmer 2), mertail
a: Renounce Religion, Upheaval


You were on level 7 of the Dungeon.
You worshipped Qazlal.
Qazlal was pleased with you.
You visited 1 branch of the dungeon, and saw 7 of its levels.

You collected 308 gold pieces.

Inventory:

Hand Weapons
 g - the +9 lajatang of Plague (weapon) {antimagic, rF+}
   (You acquired it on level 1 of the Dungeon)

   rF:        It protects you from fire.
Missiles
 d - 4 throwing nets (quivered)
 e - a javelin
Armour
 b - a +0 leather armour (worn)
 c - a +1 helmet (worn)
Jewellery
 k - a ring of willpower (right hand)
 n - a ring of protection from fire (left hand)
Wands
 t - a wand of paralysis (14)
Scrolls
 a - a scroll of blinking
 f - 3 scrolls of poison
 h - 4 scrolls of teleportation
 j - a scroll of brand weapon
 l - a scroll of identify
 q - 2 scrolls of fog
Potions
 m - a potion of berserk rage
 p - a potion of cancellation
 r - a potion of haste
 s - a potion of invisibility
 v - a potion of flight


   Skills:
 + Level 4.8 Fighting
 + Level 6.6(8.2) Polearms
 * Level 4.6(5.4) Staves
 + Level 4.5 Throwing
 + Level 2.8 Armour
 * Level 8.8 Dodging
 + Level 3.7 Invocations
 + Level 2.3 Evocations


You had 8 spell levels left.
You didn't know any spells.
Your spell library contained the following spells:

 Spells                   Type           Power      Damage    Failure   Level
 Apportation              Tloc           0%         N/A       45%         1
 Slow                     Hex            0%         N/A       45%         1
 Confusing Touch          Hex            0%         N/A       83%         3
 Ignite Poison            Fire/Tmut/Pois 0%         N/A       83%         3
 Ozocubu's Armour         Ice            0%         N/A       83%         3
 Summon Guardian Golem    Hex/Summ       0%         N/A       83%         3
 Vampiric Draining        Necr           0%         2d6       83%         3
 Sticky Flame             Conj/Fire      0%         2d3       99%         4
 Alistair's Intoxication  Tmut/Pois      0%         N/A       100%        5
 Metabolic Englaciation   Hex/Ice        0%         N/A       100%        5
 Simulacrum               Ice/Necr       0%         N/A       100%        6
 Orb of Destruction       Conj           0%         9d5       100%        7
 Spellforged Servitor     Conj/Summ      0%         N/A       100%        7
 Ignition                 Fire           0%         3d3       100%        8


Dungeon Overview and Level Annotations

Branches:
Dungeon (7/15)             Temple (0/1) D:6

Altars:
Ashenzari
Fedhas
Okawaru
Qazlal
Vehumet
Zin
The Shining One


Innate Abilities, Weirdness & Mutations

((You are very nimble when in or above water. (Stealth+, EV+, Speed+++)))
Your lower body shifts to a powerful aquatic tail in water.


Message History

You kill the centaur!
Qazlal accepts your kill.
You feel sick.
You are no longer poisoned.
The wight hits you with a +5 dagger.
* * * LOW HITPOINT WARNING * * *
You feel drained.
* * * LOW HITPOINT WARNING * * *
Things that are here:
a +0 shortbow; a centaur corpse Unknown command.
You slash the wight!
The wight is severely damaged.
The wight hits you with a +5 dagger.
* * * LOW HITPOINT WARNING * * *
You closely miss the wight.
The wight is severely damaged.
The wight barely misses you.
You slash the wight!
You destroy the wight!
Qazlal accepts your kill.
Your life force feels restored.
A wight comes into view. It is wielding a +4 spear.
You see here a killer bee corpse.
The wight hits you with a +4 spear.
* * * LOW HITPOINT WARNING * * *
You barely miss the wight. The wight barely misses you.
A wight comes into view. It is wielding a +5 war axe.
You feel clever all of a sudden. The wight hits you with a +4 spear.
* * * LOW HITPOINT WARNING * * *
You are confused.
You feel invigorated. The wight hits you with a +4 spear!
* * * LOW HITPOINT WARNING * * *
Unknown command.
You slice the wight!!
You destroy the wight!
Qazlal accepts your kill. The wight hits you with a +5 war axe!
You die...

##........#
#.........######
#...............#
#................#
##...............#
##..###.........#
##.#...........#
#.#.##†.......#
... #@#..#####
.... #z##..#
##.......##.#
#.......# .#
#.......# ..
#..#.....# #.. ..
#...... ... .
#.....# #...
#.....#


You could see a wight.

Vanquished Creatures
  Pikel (D:6)
  Duvessa (D:6)
  A water moccasin (D:6)
  A black bear (D:5)
  An orc warrior (D:5)
  2 sky beasts
  A centaur (D:7)
  An ogre (D:5)
  4 phantoms
  3 scorpions (D:5)
  A gnoll sergeant (D:7)
  Dowan (D:6)
  2 wights (D:7)
  A killer bee (D:7)
  A jelly (D:6)
  A hound (D:6)
  An orc priest (D:4)
  A sleepcap (D:6)
  Jessica (D:2)
  2 iguanas (D:5)
  4 orc wizards
  3 gnolls (D:7)
  5 adders
  3 river rats (D:4)
  A shadow imp (D:5)
  3 white imps
  2 ufetubi (D:5)
  A worm (D:5)
  2 dart slugs
  40 orcs
  A ball python (D:2)
  6 endoplasms
  2 giant cockroaches
  4 goblins
  2 hobgoblins
  7 quokkas
  2 bats (D:1)
  15 frilled lizards
  6 kobolds
  14 rats
151 creatures vanquished.

Notes
Turn   | Place    | Note
-------+----------+-------------------------------------------
     0 | D:1      | qeuew the Merfolk Gladiator began the quest for the Orb.
     0 | D:1      | Reached XP level 1. HP: 16/16 MP: 1/1
   132 | D:1      | Reached XP level 2. HP: 21/22 MP: 2/2
   427 | D:1      | Identified a scroll of acquirement
   427 | D:1      | Acquired the +9 lajatang of Plague {antimagic, rF+}
   640 | D:2      | Reached XP level 3. HP: 28/28 MP: 1/3
  1211 | D:2      | Noticed Jessica
  1215 | D:2      | Killed Jessica
  1216 | D:2      | Reached skill level 5 in Dodging
  1216 | D:2      | Reached XP level 4. HP: 34/34 MP: 1/4
  1218 | D:2      | Reached skill level 1 in Staves
  1443 | D:3      | Found a faded altar of an unknown god.
  1993 | D:3      | Found a radiant altar of Vehumet.
  2087 | D:4      | Reached skill level 1 in Armour
  2092 | D:4      | Reached XP level 5. HP: 35/39 MP: 1/5
  2327 | D:4      | Found a stormy altar of Qazlal.
  2354 | D:4      | Became a worshipper of Qazlal Stormbringer
  3204 | D:5      | Entered Level 5 of the Dungeon
  3226 | D:5      | Found a glowing silver altar of Zin.
  3227 | D:5      | Noticed an angel
  3320 | D:5      | Reached skill level 1 in Invocations
  3320 | D:5      | Reached XP level 6. HP: 44/47 MP: 2/6
  3396 | D:5      | Found a runed translucent door.
  3456 | D:5      | Reached skill level 6 in Dodging
  3456 | D:5      | Reached * piety under Qazlal
  3459 | D:5      | Reached skill level 5 in Polearms
  3463 | D:5      | Reached XP level 7. HP: 19/52 MP: 2/8
  3808 | D:5      | Found a broken altar of Ashenzari.
  3934 | D:5      | Found a blossoming altar of Fedhas.
  4126 | D:5      | Reached skill level 7 in Dodging
  4126 | D:5      | Reached XP level 8. HP: 53/60 MP: 3/9
  4283 | D:4      | Reached ** piety under Qazlal
  4673 | D:6      | Noticed Dowan
  4675 | D:6      | Noticed Duvessa
  4681 | D:6      | Killed Duvessa
  4683 | D:6      | Killed Dowan
  4719 | D:6      | Found a glowing golden altar of the Shining One.
  4810 | D:6      | Reached skill level 1 in Evocations
  5020 | D:6      | Found a staircase to the Ecumenical Temple.
  5093 | D:6      | Reached skill level 8 in Dodging
  5174 | D:6      | Noticed Pikel
  5180 | D:6      | Killed Pikel
  5181 | D:6      | Reached XP level 9. HP: 66/66 MP: 3/11
  5296 | D:6      | Found an iron altar of Okawaru.
  5318 | D:6      | Identified the +10 war axe "Vunuk" {protect, *Rage rF+ rN+
                  | Stlth+}
  5497 | D:7      | HP: 1/67 [wight/+4 spear (9)]
  5498 | D:7      | Slain by a wight

Illustrated notes

Levels and vault maps discovered:
D:1:      doesnt_arrival_eight_statues, layout_rooms
D:2:      layout_loops_cross, hangedman_glass_teeth, kennysheep_jessica_study
D:3:      layout_loops_ring, fiery_altar_vehumet, shapermc_ecumenical_altar_gd,
          minmay_lizard_king
D:4:      layout_basic, grunt_qazlal_sundering, portal_sewer_entry_e
D:5:      layout_cave_pools, zin_angel, mainiacjoe_overflow_swirl,
          lightli_church_of_beogh
D:6:      layout_gridville, nicolae_tso_carved_into_rock,
          okawaru_ov_weapons_minmay, minmay_temple_entry_trees, uniq_pikel,
          uniq_duvessa
D:7:      minmay_the_grid_octo_2x2 [minmay_the_grid_octo_clover,
          minmay_the_grid_octo_pinwheel, minmay_the_grid_octo_tetromino_candy,
          minmay_the_grid_octo_prize_star], layout_rooms

Skill      XL: |  1  2  3  4  5  6  7  8 |
---------------+-------------------------+-----
Dodging        | 5 6 7 8 |  8.8
Staves         | 1 2 3 4 |  4.6
Armour         | 1 2 |  2.8
Fighting       | 3 4 |  4.8
Invocations    | 1 2 3 |  3.7
Throwing       | 3 4 |  4.5
Polearms       | 5 6 |  6.6
Evocations     | 2 |  2.3

Action                     |  1- 3 |  4- 6 |  7- 9 || total
---------------------------+-------+-------+-------++-------
  Melee: Trident           |    54 |       |       ||    54
         Punch             |     1 |       |       ||     1
         Lajatang          |    26 |   136 |   144 ||   306
    Use: Scroll            |    11 |     4 |     4 ||    19
         Potion            |     1 |       |     3 ||     4
   Stab: Sleeping          |     1 |     1 |       ||     2
 Armour: Leather armour    |    26 |    32 |    38 ||    96
  Dodge: Dodged            |    47 |   125 |   125 ||   297
  Block: Other             |       |     1 |    11 ||    12
